 Dungeon Crawl Stone Soup version 0.17.0-57-g0e89251 (webtiles) character file.

38 Felido the Caller (level 3, 0/15 HPs)
             Began as a Felid Summoner on Dec 7, 2015.
             Succumbed to an adder's poison
             ... on level 2 of the Dungeon.
             The game lasted 00:07:44 (1753 turns).

Felido the Caller (Felid Summoner)                  Turns: 1753, Time: 00:07:44

Health: 0/15       AC:  1    Str:  4      XL:     3   Next: 25%
Magic:  7/7        EV: 23    Int: 17      God:
Gold:   157        SH:  0    Dex: 19 (21) Spells: 2 memorised, 3 levels left
                                        Lives:  0   Deaths: 0

rFire  . . .     SeeInvis +     (weapon unavailable)
rCold  . . .     Clarity  .     (armour unavailable)
rNeg   . . .     SustAt   .     (shield unavailable)
rPois  .         Gourm    .     (helmet unavailable)
rElec  .         Spirit   .     (cloak unavailable)
rCorr  .         Warding  .     (gloves unavailable)
rMut   .         Stasis   .     (boots unavailable)
MR     .....                    (no amulet)
Stlth  ++++......               (no ring)
                                (no ring)

@: agile, lethally poisoned (0 -> -1), very slightly contaminated, hasted, very
quick, not resistant to hostile enchantments, stealthy
A: no armour, no weapons or thrown items, claws 1, fangs 3, see invisible,
carnivore 3, speed 1, shaggy fur 1, slow metabolism 1, sharp paws
a: no special abilities


You were on level 2 of the Dungeon.
You were completely stuffed.

You visited 1 branch of the dungeon, and saw 2 of its levels.

You collected 157 gold pieces.

Inventory:

Scrolls
 c - a scroll of enchant armour {unknown}
 d - a scroll of immolation {unknown}
 e - 2 scrolls of teleportation {unknown}
Potions
 g - a potion of haste
Books
 a - a book of Callings

   Spells                             Type                      Level
   a - Summon Small Mammal            Summoning                    1
   b - Call Imp                       Summoning                    2
   c - Call Canine Familiar           Summoning                    3
   d - Summon Guardian Golem          Hexes/Summoning              3
   e - Summon Lightning Spire         Summoning/Air                4
   f - Summon Ice Beast               Ice/Summoning                4
Comestibles
 b - 2 meat rations
 f - a chunk of flesh


   Skills:
 + Level 0.4 Fighting
 + Level 3.0 Dodging
 + Level 2.9 Stealth
 + Level 0.6 Unarmed Combat
 * Level 2.5 Spellcasting
 * Level 4.4 Summonings


You had 3 spell levels left.
You knew the following spells:

 Your Spells              Type           Power        Failure   Level  Hunger
a - Summon Small Mammal   Summ           ###.         2%          1    #......
b - Summon Guardian Gole  Hex/Summ       #.......     24%         3    ###....


Dungeon Overview and Level Annotations

Branches:
Dungeon (2/15)

Altars:


Innate Abilities, Weirdness & Mutations

You cannot wear armour.
You are incapable of wielding weapons or throwing items.
You have sharp claws.
You have razor-sharp teeth.
You have supernaturally acute eyesight.
You are carnivorous and can eat meat at any time.
You cover ground quickly.
You are covered in fur (AC +1).
You have a slow metabolism.
Your sharp claws are effective at attacking unaware monsters.


Message History

You feel sick.
You swap places.
There is a lethal amount of poison in your body!
Found 2 inky potions.
Found 17 gold pieces.
You see here a bread ration.
* * * LOW HITPOINT WARNING * * *
You feel sick.
You see here 2 inky potions.
g - 2 inky potions Drink which item? (? for menu, Esc to quit)
It was a potion of haste.
You feel yourself speed up.
* * * LOW HITPOINT WARNING * * *
You feel sick.
You are very lightly contaminated with residual magic.
You see here 17 gold pieces.
You now have 157 gold pieces (gained 17).
A kobold comes into view. It is wielding a dagger.
Found a brown potion and 25 stones.
You die...

### #.. #
############.# ##.#
#..%....r..#.##..
####.########.#.#.##..#
..............b.@.....#
.....########.#.#.#...#
####<# #.#.##.K ## #
#.# #.#.# #..# # #.#
#.#.# ..!( # #.# #.###
#### #.# ... #.# .. #..


You could see a kobold (sleeping) and a friendly bat.

Vanquished Creatures
  An ooze (D:1)
  4 bats (D:1)
  A giant cockroach (D:1)
  3 goblins (D:1)
  5 hobgoblins (D:1)
  2 kobolds (D:1)
  A ball python (D:1)
  2 giant newts (D:1)
  2 rats (D:1)
  2 fungi (D:1)
23 creatures vanquished.

Vanquished Creatures (collateral kills)
  An adder (D:2)
  A worm (D:1)
  A bat (D:1)
  2 giant newts (D:1)
5 creatures vanquished.

Grand Total: 28 creatures vanquished

Notes
Turn   | Place    | Note
--------------------------------------------------------------
     0 | D:1      | Felido the Felid Summoner began the quest for the Orb.
     0 | D:1      | Reached XP level 1. HP: 7/7 MP: 4/4
   834 | D:1      | Reached XP level 2. HP: 11/11 MP: 6/6
  1392 | D:1      | Reached XP level 3. HP: 14/14 MP: 7/7
  1401 | D:1      | Learned a level 3 spell: Summon Guardian Golem
  1753 | D:2      | Succumbed to an adder's poison

Action                   || total
-------------------------++-------
Melee: Unarmed           ||   141
 Cast: Summon Small Mamm ||    13
  Use: Potion            ||     3
 Stab: Sleeping          ||     5
  Eat: Chunk             ||     9
